Cogmind - Beta 12 X4 @@@ ROGUE MODE // 2023.01.05 @ 17:37:32 Player: Jezoensis Result: Self-destructed Performance ------------- Evolutions (3) 1500 Regions Visited (10) 2000 Robots Destroyed (116) 580 Value Destroyed (2593) 2593 Prototype IDs (4) 80 Alien Tech Used (0) 0 Bonus (1348) 1348 TOTAL SCORE: 8101 Bonus ------- High Alert Combat Kills 334 Follower Combat Kills 452 Entered Garrisons 200 Used RIF Installer 500 Friendly Fire -138 Cogmind --------- Core Integrity 635/700 Matter 290/300 Energy 265/265 System Corruption 0% Temperature Cool (0) Movement Rolling (105) Ox1 Location -7/Zion Parts ------- > --- POWER (1) -------- Improved Ion Engine > --- PROPULSION (4) --- Light Treads Light Treads Wheel Compact Wheel > --- UTILITY (5) ------ Improved Heat Sink Large Storage Unit Advanced Visual Processing Unit Seismic Detector Hardened Medium Armor Plating > --- WEAPON (3) ------- Improved Assault Rifle Flak Gun Axe > --- INVENTORY (15) --- Medium Treads Medium Treads Improved Heat Sink Large Matter Pod (150) Seismic Detector High-powered Tractor Beam Improved Medium Laser Gatling Laser Heavy Particle Cannon Guided EMP Blaster Rocket Launcher Rocket Launcher Improved Datajack Peak State ------------ > --- POWER ------------ Deuterium Engine > --- PROPULSION ------- Light Treads Wheel Compact Wheel Compact Wheel > --- UTILITY ---------- Improved Heat Sink Large Storage Unit Advanced Visual Processing Unit Seismic Detector Light Armor Plating > --- WEAPON ----------- Gatling Laser Guided EMP Blaster > --- INVENTORY -------- Improved Ion Engine Light Treads Light Treads Medium Treads Medium Treads Large Matter Pod Structural Scanner Seismic Detector High-powered Tractor Beam Improved Medium Laser Improved Assault Rifle Flak Gun Rocket Launcher Axe [Rating: 35] Favorites ----------- Power Improved Ion Engine Engine Improved Ion Engine Propulsion Compact Wheel Treads Light Treads Leg Aluminum Leg Wheel Compact Wheel Utility Large Storage Unit Device Structural Scanner Storage Large Storage Unit Processor Advanced Visual Processing Unit Protection Light Armor Plating Weapon Improved Assault Rifle Energy Gun Medium Laser Energy Cannon Advanced Beam Cannon Ballistic Gun Improved Assault Rifle Launcher Guided EMP Blaster Special Weapon Mining Laser Slashing Weapon Axe Build | -11 -10 -10 -9 -9 -9 -9 -7 -7 -7 -7 ------- Run | Scr Mat Min Mat Sto Gar Rec Fac Low Low Zio Slots Evolved 6 | . . . 2 . . . 4 . . . Power . | . . . . . . . . . . . Propulsion 2 | . . . 1 . . . 1 . . . Utility 3 | . . . 1 . . . 2 . . . Weapon 1 | . . . . . . . 1 . . . Parts Attached 160 | 7 16 . 41 54 7 5 22 3 5 . Power 11 | . 2 . 5 2 . . 2 . . . Engine 11 | . 2 . 5 2 . . 2 . . . Core . | . . . . . . . . . . . Reactor . | . . . . . . . . . . . Propulsion 37 | 3 8 . 9 13 1 . 1 1 1 . Treads 18 | . 4 . 5 7 . . . 1 1 . Leg 3 | . . . . 3 . . . . . . Wheel 16 | 3 4 . 4 3 1 . 1 . . . Hover . | . . . . . . . . . . . Flight . | . . . . . . . . . . . Utility 62 | 2 3 . 17 22 4 2 10 . 2 . Device 43 | 1 1 . 13 17 3 1 6 . 1 . Storage 3 | 1 2 . . . . . . . . . Processor 3 | . . . 1 . . . 2 . . . Hackware . | . . . . . . . . . . . Protection 13 | . . . 3 5 1 1 2 . 1 . Artifact . | . . . . . . . . . . . Weapon 50 | 2 3 . 10 17 2 3 9 2 2 . Energy Gun 17 | 1 2 . 6 5 . 1 2 . . . Energy Cannon 1 | . . . . 1 . . . . . . Ballistic Gun 15 | 1 . . 2 6 . 1 5 . . . Ballistic Cannon . | . . . . . . . . . . . Launcher 10 | . . . . 4 2 1 1 1 1 . Special Weapon 4 | . 1 . 2 1 . . . . . . Impact Weapon . | . . . . . . . . . . . Slashing Weapon 3 | . . . . . . . 1 1 1 . Piercing Weapon . | . . . . . . . . . . . Special Melee Weapon . | . . . . . . . . . . . Unidentified Prototypes 4 | . . . 1 3 . . . . . . Parts Lost 22 | . 1 . 5 11 . . 3 2 . . Power 4 | . . . 1 2 . . 1 . . . Propulsion 9 | . 1 . 2 5 . . . 1 . . Utility 3 | . . . . 1 . . 1 1 . . Weapon 6 | . . . 2 3 . . 1 . . . Highest Loss Streak 11 | . 1 . 2 11 . . 2 2 . . To Critical Strikes . | . . . . . . . . . . . Average Slot Usage (%) 96 | . 100 100 98 94 87 90 95 99 94 . Engine 10 | . 14 14 10 10 11 11 7 7 7 . Treads 8 | . 2 . 10 12 11 11 7 7 9 . Wheel 21 | . 25 28 21 14 22 22 23 23 15 . Device 17 | . 14 14 21 15 18 21 17 22 21 . Storage 10 | . 14 14 11 11 11 11 7 7 7 . Processor 1 | . . . . . . . 7 7 7 . Protection 2 | . . . . 5 3 . 4 . 1 . Energy Gun 7 | . 13 14 11 8 . 2 5 . . . Ballistic Gun 10 | . 14 14 9 12 . 2 10 15 15 . Launcher 1 | . . . . . 9 8 1 . . . Naked Turns . | . . . . . . . . . . . Heaviest Build 48 | 10 30 30 38 39 41 39 48 40 47 . Greatest Support 60 | 20 26 26 26 60 32 26 42 42 26 . Greatest Overweight (x) 2 | . 1 1 1 2 2 1 1 1 1 . Average Overweight (x) . | . . 1 . 1 . 1 . . 1 . Largest Inventory Capacity 15 | 8 15 15 15 15 15 15 15 15 15 . Average Capacity 14 | 7 14 15 15 15 15 15 15 15 15 . Most Carried 15 | 8 15 15 15 15 15 15 15 15 14 . Average Carried 13 | 4 12 15 13 13 14 14 13 14 13 . Final Capacity 15 | 8 15 15 15 15 15 15 15 15 15 15 Final Carried 15 | 8 15 15 14 15 14 15 15 15 14 14 Class Distribution -------------------- 46% | Scavenger-Mutant 30% | Mutant 19% | Commander-Mutant Dominant Class ---------------- Mutant | -10/Materials Mutant | -10/Mines Scavenger-Mutant | -9/Materials Scavenger-Mutant | -9/Storage Commander-Mutant | -9/Garrison Commander-Mutant | -9/Recycling Scavenger-Mutant | -7/Factory Scavenger-Mutant | -7/Lower Caves Scavenger-Mutant | -7/Lower Caves Scavenger-Mutant | -7/Zion Resources | -11 -10 -10 -9 -9 -9 -9 -7 -7 -7 -7 ----------- Run | Scr Mat Min Mat Sto Gar Rec Fac Low Low Zio Matter Collected 2907 | 270 329 100 498 790 196 265 307 62 90 . Remotely 433 | . . . . 255 . . 178 . . . Salvage Created 3653 | 70 459 . 693 977 160 814 278 60 142 . Parts 202 | 8 26 . 36 58 15 44 10 2 3 . Haulers Intercepted 5 | . 2 . . 3 . . . . . . Recyclers Shooed 5 | 2 . . . 1 . 2 . . . . Parts Field Recycled . | . . . . . . . . . . . Retrieved Matter . | . . . . . . . . . . . Parts Self-Destructed 5 | . . . . . . . . 1 4 . Prevented 1 | . . . . . . . . 1 . . Kills | -11 -10 -10 -9 -9 -9 -9 -7 -7 -7 -7 ------- Run | Scr Mat Min Mat Sto Gar Rec Fac Low Low Zio Combat Hostiles Destroyed 86 | . 11 . 14 25 3 21 4 4 4 . Guns 47 | . 11 . 14 15 . 3 3 . 1 . AOE 39 | . . . . 10 3 18 1 4 3 . Classes Destroyed 13 | 1 5 . 4 2 . 1 . . . . Worker 6 | . 1 . . 3 . . 2 . . . Builder 1 | . 1 . . . . . . . . . Tunneler 3 | 3 . . . . . . . . . . Hauler 5 | . 2 . . 3 . . . . . . Recycler 9 | . . . 1 1 . 7 . . . . Operator 2 | . . . . 1 . . 1 . . . Drone 19 | . . . . . . 19 . . . . Watcher 3 | . . . 2 . . . 1 . . . Swarmer 23 | . 6 . 3 10 . . . 4 . . Grunt 33 | . 5 . 7 9 2 2 5 . 3 . Brawler 2 | . . . . 1 . . . . 1 . Duelist 4 | . . . 2 2 . . . . . . Sentry 6 | . . . 2 3 1 . . . . . Decomposer 1 | . . . . . . . . . 1 . Best Kill Streak 12 | 3 9 . 6 7 2 12 4 4 4 . Combat Bots Only 8 | . 8 . 5 6 2 7 4 4 4 . Max Kills in Single Turn 4 | 1 2 . 1 3 1 3 4 3 2 . Gunslinging 1 | . 1 . . 1 . . . . . . Exploded 3 | . . . . 3 1 3 1 3 1 . Melee . | . . . . . . . . . . . Uniques/NPCs Destroyed . | . . . . . . . . . . . Combat | -11 -10 -10 -9 -9 -9 -9 -7 -7 -7 -7 -------- Run | Scr Mat Min Mat Sto Gar Rec Fac Low Low Zio Damage Taken 3323 | . 385 . 570 1617 . 35 533 165 18 . Core 475 | . 103 . 87 220 . . 50 15 . . Absorbed by Shields . | . . . . . . . . . . . Core Remaining (%) 60 | 100 . 58 . . . 23 . . . . Volleys Fired 214 | 7 36 . 46 66 12 29 12 2 4 . Largest 3 | 2 2 . 2 2 1 2 3 1 2 . Hottest 131 | 70 100 . 100 100 50 79 131 33 56 . Shots Fired 389 | 14 71 . 89 124 12 39 30 2 8 . Gun 340 | 14 70 . 86 118 . 20 27 . 5 . Cannon . | . . . . . . . . . . . Launcher 44 | . . . . 5 12 19 3 2 3 . Special 5 | . 1 . 3 1 . . . . . . Kinetic 183 | 7 35 . 37 71 . 10 18 . 5 . Thermal 162 | 7 36 . 52 48 . 10 9 . . . Explosive 10 | . . . . 5 . . . 2 3 . Electromagnetic 34 | . . . . . 12 19 3 . . . Robot Hit Streak 23 | 7 7 . 12 23 . 8 6 4 9 . Robot Miss Streak 4 | 1 3 . 4 4 . 3 4 . 2 . Penetration Max . | . . . . . . . . . . . Secondary Targets 10 | . 4 . 1 5 . . . . . . Max Gunslinging Chain 1 | . 1 . 1 1 . . . . . . Shots Hit Robots 256 | 9 43 . 61 94 . 17 24 1 7 . Core Hits 175 | 4 23 . 29 48 3 25 23 5 15 . Critical Kills 1 | . . . 1 . . . . . . . Critical Parts Destroyed 2 | 1 . . 1 . . . . . . . Critical Strikes 14 | 1 4 . 8 . . . 1 . . . Burn 11 | . 4 . 6 . . . 1 . . . Destroy 3 | 1 . . 2 . . . . . . . Melee Attacks 1 | . . . . . . . 1 . . . Impact . | . . . . . . . . . . . Slashing 1 | . . . . . . . 1 . . . Piercing . | . . . . . . . . . . . Sneak Attacks . | . . . . . . . . . . . Combat Hostiles . | . . . . . . . . . . . Follow-up Attacks . | . . . . . . . . . . . Damage Inflicted 6939 | 118 593 . 854 2134 342 1467 805 261 365 . Guns 3575 | 118 593 . 854 1420 . 144 383 . 63 . Cannons . | . . . . . . . . . . . Explosions 3364 | . . . . 714 342 1323 422 261 302 . Melee . | . . . . . . . . . . . Ramming . | . . . . . . . . . . . Kinetic 1861 | 56 237 . 331 865 . 85 224 . 63 . Thermal 2050 | 62 356 . 523 555 . 105 449 . . . Explosive 1277 | . . . . 714 . . . 261 302 . Electromagnetic 1751 | . . . . . 342 1277 132 . . . Impact . | . . . . . . . . . . . Slashing . | . . . . . . . . . . . Piercing . | . . . . . . . . . . . Highest Corruption 1 | . . . 1 1 1 1 . . . . Average Corruption 1 | . . . 1 1 1 1 . . . . Corruption Purged . | . . . . . . . . . . . Corruption Blocked . | . . . . . . . . . . . Effects 12 | . . . 4 4 2 2 . . . . Message Errors 2 | . . . 1 1 . . . . . . Matter Fused 5 | . . . 1 2 1 1 . . . . Heat Flow Errors 1 | . . . . . . 1 . . . . Data Loss (minor) 2 | . . . 1 . 1 . . . . . Data Loss (major) 1 | . . . 1 . . . . . . . Misfires 1 | . . . . 1 . . . . . . Overload Shots . | . . . . . . . . . . . Overflow Damage 312 | . . . . 59 1 148 104 . . . Projectiles . | . . . . . . . . . . . Explosions 312 | . . . . 59 1 148 104 . . . Melee . | . . . . . . . . . . . Knockbacks . | . . . . . . . . . . . Impact . | . . . . . . . . . . . Kinetic . | . . . . . . . . . . . Secondary . | . . . . . . . . . . . Self-Inflicted Damage 254 | . . . . 77 . . 177 . . . Shots 5 | . . . . 2 . . 3 . . . Rammed . | . . . . . . . . . . . Targets Rammed . | . . . . . . . . . . . Kicked . | . . . . . . . . . . . Crushed . | . . . . . . . . . . . Highest Temperature 235 | . 67 . 24 190 36 235 90 . . . Average Temperature 41 | . 22 . 9 77 17 34 50 . . . Received Heat Transfer 813 | . 93 . 258 258 . 18 150 27 9 . Siege Activations . | . . . . . . . . . . . Robots Corrupted . | . . . . . . . . . . . Combat Hostiles . | . . . . . . . . . . . Parts Fried 6 | . . . . . . 6 . . . . Impact Corruptions . | . . . . . . . . . . . Robots Melted . | . . . . . . . . . . . Combat Hostiles . | . . . . . . . . . . . Parts Melted 11 | . 3 . 5 . . . 3 . . . Heat Transferred 5583 | 185 1332 . 1850 1332 . 248 636 . . . Parts Sabotaged . | . . . . . . . . . . . Parts Stolen . | . . . . . . . . . . . Parts Stripped . | . . . . . . . . . . . Power Chain Reactions 2 | . . . . . . 2 . . . . Missiles Intercepted . | . . . . . . . . . . . Alert | -11 -10 -10 -9 -9 -9 -9 -7 -7 -7 -7 ------- Run | Scr Mat Min Mat Sto Gar Rec Fac Low Low Zio Peak Influence 1428 | 15 324 77 400 663 925 811 1428 . . . Initial 1229 | . 9 77 29 148 245 415 1229 . . . Average 434 | 5 177 77 230 384 562 682 1230 . . . Maximum Alert Level 4 | . 1 . 2 2 3 3 4 . . . Low Security (%) 27 | 100 66 100 26 5 . . . . . . Level 1 32 | . 33 . 72 53 11 . . . . . Level 2 20 | . . . 1 40 59 51 . . . . Level 3 7 | . . . . . 28 48 . . . . Level 4 11 | . . . . . . . 99 . . . Level 5 . | . . . . . . . . . . . High Security . | . . . . . . . . . . . Max Security . | . . . . . . . . . . . Squads Dispatched 16 | . 2 . 5 6 . 1 2 . . . Investigation 5 | . 2 . 2 . . . 1 . . . Extermination . | . . . . . . . . . . . Reinforcement 6 | . . . 3 1 . 1 1 . . . Assault 2 | . . . . 2 . . . . . . Garrison 3 | . . . . 3 . . . . . . Intercept . | . . . . . . . . . . . Searches Triggered . | . . . . . . . . . . . Construction Impeded 1 | . . . . . . 1 . . . . Haulers Reinforced . | . . . . . . . . . . . Active Scanning Responses . | . . . . . . . . . . . Cargo Convoy Interrupts . | . . . . . . . . . . . Stealth | -11 -10 -10 -9 -9 -9 -9 -7 -7 -7 -7 --------- Run | Scr Mat Min Mat Sto Gar Rec Fac Low Low Zio Distress Signals 6 | . 3 . 2 . . 1 . . . . Communications Jammed . | . . . . . . . . . . . Distress Signals . | . . . . . . . . . . . Times Spotted 127 | . 19 . 21 32 9 23 9 10 4 . Peak Tracking Total 9 | . 9 . 4 6 7 4 4 7 4 . Tactical Retreats 3 | . . . 1 . 1 1 . . . . Traps | -11 -10 -10 -9 -9 -9 -9 -7 -7 -7 -7 ------- Run | Scr Mat Min Mat Sto Gar Rec Fac Low Low Zio Traps Triggered 5 | . 1 . 2 . 2 . . . . . Indirectly . | . . . . . . . . . . . Trap Hack Attempts . | . . . . . . . . . . . Triggered . | . . . . . . . . . . . Disarmed . | . . . . . . . . . . . Reprogrammed . | . . . . . . . . . . . Reused . | . . . . . . . . . . . Traps Extracted . | . . . . . . . . . . . Installed . | . . . . . . . . . . . Triggered 1 | . . . . . . . . 1 . . Machines | -11 -10 -10 -9 -9 -9 -9 -7 -7 -7 -7 ---------- Run | Scr Mat Min Mat Sto Gar Rec Fac Low Low Zio Machines Disabled 14 | . . . 1 1 2 5 5 . . . Max in Single Turn 5 | . . . 1 1 1 2 5 . . . Garrison Access 1 | . . . . . . . 1 . . . Phase Generator 1 | . . . . . 1 . . . . . Machines Sabotaged . | . . . . . . . . . . . Overloaded Fab Kills . | . . . . . . . . . . . Hacking | -11 -10 -10 -9 -9 -9 -9 -7 -7 -7 -7 --------- Run | Scr Mat Min Mat Sto Gar Rec Fac Low Low Zio Machines Accessed 31 | . 6 . 4 9 1 5 6 . . . Terminals 24 | . 5 . 2 8 1 4 4 . . . Fabricators 1 | . . . . . . . 1 . . . Repair Stations . | . . . . . . . . . . . Recycling Units 4 | . 1 . 2 . . 1 . . . . Scanalyzers . | . . . . . . . . . . . Garrison Access 2 | . . . . 1 . . 1 . . . Total Hacks 76 | . 15 . 8 23 1 11 18 . . . Successful 50 | . 11 . 4 21 1 5 8 . . . Failed 26 | . 4 . 4 2 . 6 10 . . . Catastrophic 5 | . . . 2 . . 2 1 . . . Database Lockouts . | . . . . . . . . . . . Manual 60 | . 13 . 7 13 . 11 16 . . . Terminals 66 | . 14 . 5 22 1 10 14 . . . Fabricators 2 | . . . . . . . 2 . . . Repair Stations . | . . . . . . . . . . . Recycling Units 5 | . 1 . 3 . . 1 . . . . Scanalyzers . | . . . . . . . . . . . Garrison Access 3 | . . . . 1 . . 2 . . . Terminal Hacks 26 | . 5 . . 14 1 2 4 . . . Robot Analysis 6 | . 3 . . 3 . . . . . . Open Door 2 | . . . . 2 . . . . . . Branch Access Points 1 | . . . . . . . 1 . . . Terminal Index 3 | . . . . 1 . 1 1 . . . Unreport Threat 6 | . . . . 3 . 1 2 . . . Locate Traps 4 | . 2 . . 2 . . . . . . Hauler Manifests 1 | . . . . 1 . . . . . . Zone Layout 2 | . . . . 2 . . . . . . Garrison Registry 1 | . . . . . 1 . . . . . Fabricator Hacks . | . . . . . . . . . . . Repair Station Hacks . | . . . . . . . . . . . Recycling Unit Hacks . | . . . . . . . . . . . Scanalyzer . | . . . . . . . . . . . Garrison Access Hacks 3 | . . . . 1 . . 2 . . . Unlock Access 1 | . . . . 1 . . . . . . Seal Access 1 | . . . . . . . 1 . . . Coupler Status 1 | . . . . . . . 1 . . . Unauthorized Hacks 21 | . 6 . 4 6 . 3 2 . . . Terminals 16 | . 5 . 1 6 . 2 2 . . . Track 5 | . 2 . . 3 . . . . . . Botnet 7 | . 2 . 1 1 . 2 1 . . . Disrupt 1 | . . . . 1 . . . . . . Operators 3 | . 1 . . 1 . . 1 . . . Fabricators . | . . . . . . . . . . . Repair Stations . | . . . . . . . . . . . Recycling Units 5 | . 1 . 3 . . 1 . . . . Recyclers 1 | . . . 1 . . . . . . . Tunnel 4 | . 1 . 2 . . 1 . . . . Scanalyzers . | . . . . . . . . . . . Garrison Access . | . . . . . . . . . . . Data Cores Recovered . | . . . . . . . . . . . Used . | . . . . . . . . . . . Hacking Detections 24 | . 5 . 2 7 . 4 6 . . . Full Trace Events 2 | . . . 1 . . . 1 . . . Feedback Events 1 | . . . 1 . . . . . . . Corruption 1 | . . . 1 . . . . . . . Feedback Blocked . | . . . . . . . . . . . Robot Schematics Acquired . | . . . . . . . . . . . Robots Built . | . . . . . . . . . . . Authchips . | . . . . . . . . . . . Time . | . . . . . . . . . . . Total Robot Build Rating . | . . . . . . . . . . . Part Schematics Acquired . | . . . . . . . . . . . Parts Built . | . . . . . . . . . . . Authchips . | . . . . . . . . . . . Time . | . . . . . . . . . . . Total Part Build Rating . | . . . . . . . . . . . Parts Repaired . | . . . . . . . . . . . Time . | . . . . . . . . . . . Parts Recycled . | . . . . . . . . . . . Recycled Matter . | . . . . . . . . . . . Retrieved Matter . | . . . . . . . . . . . Retrieved Components . | . . . . . . . . . . . Parts Scanalyzed . | . . . . . . . . . . . Part Schematics Acquired . | . . . . . . . . . . . Parts Damaged . | . . . . . . . . . . . Bothacking | -11 -10 -10 -9 -9 -9 -9 -7 -7 -7 -7 ------------ Run | Scr Mat Min Mat Sto Gar Rec Fac Low Low Zio Used RIF Installer 1 | . . . . . 1 . . . . . Robots Hacked . | . . . . . . . . . . . Non-combat . | . . . . . . . . . . . Combat . | . . . . . . . . . . . Robot Hacks Applied . | . . . . . . . . . . . Relay Couplers Released . | . . . . . . . . . . . Fabnet Peak Effective % . | . . . . . . . . . . . Robots Rewired . | . . . . . . . . . . . Allies Hacked . | . . . . . . . . . . . Hacks Repelled . | . . . . . . . . . . . Allies | -11 -10 -10 -9 -9 -9 -9 -7 -7 -7 -7 -------- Run | Scr Mat Min Mat Sto Gar Rec Fac Low Low Zio Total Allies 14 | . . 2 . 12 . . . . . . Largest Group 10 | . . 2 2 10 9 6 6 . . . Highest-Rated Group 88 | . . 45 45 88 80 56 56 . . . Highest-Rated Ally 31 | . . 31 31 31 16 16 16 . . . Total Orders 4 | . . . . . 4 . . . . . STAY 2 | . . . . . 2 . . . . . FOLLOW 2 | . . . . . 2 . . . . . Ally Attacks 149 | . . . 12 27 53 32 25 . . . Total Damage 1374 | . . . 168 328 443 172 263 . . . Kills 25 | . . . 1 4 14 5 1 . . . Allies Corrupted . | . . . . . . . . . . . Allies Melted . | . . . . . . . . . . . Intel | -11 -10 -10 -9 -9 -9 -9 -7 -7 -7 -7 ------- Run | Scr Mat Min Mat Sto Gar Rec Fac Low Low Zio Robot Analysis Total 6 | . 3 . . 3 . . . . . . Derelict Logs Recovered 2 | . . 1 . . . . . . 1 . Drone Launches . | . . . . . . . . . . . Drone Recoveries . | . . . . . . . . . . . Exploration | -11 -10 -10 -9 -9 -9 -9 -7 -7 -7 -7 ------------- Run | Scr Mat Min Mat Sto Gar Rec Fac Low Low Zio Turns Passed 3416 | 75 584 176 561 616 314 298 348 218 226 . Spaces Moved 2371 | 51 437 161 328 276 227 195 273 225 198 . Core 17 | 17 . . . . . . . . . . Treads 2 | . . . . 2 . . . . . . Legs . | . . . . . . . . . . . Wheels 2352 | 34 437 161 328 274 227 195 273 225 198 . Hover . | . . . . . . . . . . . Flight . | . . . . . . . . . . . Fastest Speed 50 | 50 80 105 90 105 100 105 93 93 105 . Average Speed 103 | 70 99 105 104 117 111 105 96 93 105 . Slowest Speed 160 | 80 105 105 115 160 115 105 108 105 105 . Overloaded Moves . | . . . . . . . . . . . Propulsion Burnouts . | . . . . . . . . . . . Robots Hopped . | . . . . . . . . . . . Cave-ins Triggered . | . . . . . . . . . . . Exploration Rate (%) 39 | 4 83 47 24 49 58 55 13 57 43 1 Regions Visited 10 Branch Regions 6 Pre-discovered Areas 6 | . 1 1 2 . . 1 . . 1 . Known Exits Taken 3 | . . . 1 1 . . 1 . . . Unknown Exits Taken 6 | 1 1 1 . . . 1 . 1 1 . Scrap Searched 2 | . . . . . . . . 1 1 . Spaces Dug 6 | . 1 . 3 1 . . 1 . . . Terrain Destroyed 210 | . 1 . 3 47 66 13 47 13 20 . Melee 1 | . . . . . . . 1 . . . Projectile 5 | . 1 . 3 1 . . . . . . AOE 204 | . . . . 46 66 13 46 13 20 . Terrain Rammed . | . . . . . . . . . . . Walls Destroyed . | . . . . . . . . . . . Machines Disabled . | . . . . . . . . . . . Actions | -11 -10 -10 -9 -9 -9 -9 -7 -7 -7 -7 --------- Run | Scr Mat Min Mat Sto Gar Rec Fac Low Low Zio Total 2924 | 73 512 168 440 435 276 249 333 231 207 . Wait 53 | . 2 8 8 2 18 14 1 . . . Move 2360 | 50 436 160 327 275 225 194 272 224 197 . Hop . | . . . . . . . . . . . Pick Up 65 | 9 13 . 7 14 4 4 13 1 . . Fast Attach 34 | 4 1 . 11 14 1 . 2 . 1 . Attach 44 | 2 2 . 9 12 1 3 12 1 2 . Detach 16 | . . . 3 8 . . 4 . 1 . Swap 82 | 1 13 . 21 28 5 2 8 2 2 . Drop 51 | . 9 . 8 16 6 3 8 1 . . Fire 214 | 7 36 . 46 66 12 29 12 2 4 . Melee 1 | . . . . . . . 1 . . . Ram . | . . . . . . . . . . . Kick . | . . . . . . . . . . . Crush . | . . . . . . . . . . . Escape Stasis 4 | . . . . . 4 . . . . . Rewire . | . . . . . . . . . . . Trap . | . . . . . . . . . . . Miscellaneous . | . . . . . . . . . . . Route ------- -11/Scrapyard -10/Materials (discovered 3 exits: *Mat x2 / [*Min]) -10/Mines -9/Materials -9/Storage -9/Garrison (discovered 3 exits: *Rec x3) -9/Recycling -7/Factory (discovered 2 exits: *Low x2) -7/Lower Caves -7/Lower Caves -7/Zion History --------- Turn | Location | Event 13 | -11/Scrapyard | Discovered new exit (range 16) 76 | -11/Scrapyard | Entered Materials 199 | -10/Materials | Discovered new exit (range 14) 327 | -10/Materials | Destroyed 8 combat bots 352 | -10/Materials | Build established: Mutant 374 | -10/Materials | Discovered new exit (range 11) 578 | -10/Materials | Discovered new exit (range 16) 660 | -10/Materials | Entered Mines 705 | -10/Mines | Learned location of Recycling (-9) 820 | -10/Mines | Discovered new exit (range 8) 836 | -10/Mines | Entered Materials 836 | -9/Materials | Accompanied by 2 allies 836 | -9/Materials | Evolved 2 slots: Propulsion x1, Utility x1 842 | -9/Materials | Led the pair of lost Derelicts to an unsafe place 1110 | -9/Materials | Discovered new exit (range 13) 1217 | -9/Materials | Identified exit to Storage 1296 | -9/Materials | Build established: Scavenger-Mutant 1397 | -9/Materials | Entered Storage 1407 | -9/Storage | Met a pair of Derelict thieves 1547 | -9/Storage | Garrison activated, responded to threat 1585 | -9/Storage | Core integrity fell below 50% 1661 | -9/Storage | Lost 11 parts (2p5n1u3w) 1958 | -9/Storage | Assisted by bots powering up and referring to "LRC-V3" 2011 | -9/Storage | Identified exit to Garrison 2013 | -9/Storage | Entered Garrison 2013 | -9/Garrison | Accompanied by 9 allies 2049 | -9/Garrison | Phase Generator disabled 2071 | -9/Garrison | Installed Relay Interface Framework 2200 | -9/Garrison | Triggered checkpoint 2206 | -9/Garrison | Triggered checkpoint 2237 | -9/Garrison | Triggered checkpoint 2252 | -9/Garrison | Build established: Commander-Mutant 2268 | -9/Garrison | Triggered checkpoint 2294 | -9/Garrison | Discovered new exit (range 20) 2294 | -9/Garrison | Discovered new exit (range 45) 2294 | -9/Garrison | Discovered new exit (range 53) 2327 | -9/Garrison | Entered Recycling 2327 | -9/Recycling | Accompanied by 6 allies 2349 | -9/Recycling | Spotter reported a threat 2349 | -9/Recycling | Spotter reported a threat 2359 | -9/Recycling | Spotter reported a threat 2366 | -9/Recycling | Spotter reported a threat 2366 | -9/Recycling | Spotter reported a threat 2384 | -9/Recycling | Spotter reported a threat 2409 | -9/Recycling | Destroyed 7 combat bots 2429 | -9/Recycling | Spotter reported a threat 2429 | -9/Recycling | Spotter reported a threat 2431 | -9/Recycling | Spotter reported a threat 2437 | -9/Recycling | Spotter reported a threat 2483 | -9/Recycling | Spotter reported a threat 2487 | -9/Recycling | Spotter reported a threat 2520 | -9/Recycling | Spotter reported a threat 2521 | -9/Recycling | Spotter reported a threat 2521 | -9/Recycling | Spotter reported a threat 2567 | -9/Recycling | Spotter reported a threat 2567 | -9/Recycling | Spotter reported a threat 2567 | -9/Recycling | Spotter reported a threat 2596 | -9/Recycling | Discovered new exit (range 16) 2602 | -9/Recycling | Spotter reported a threat 2625 | -9/Recycling | Entered Factory 2625 | -7/Factory | Accompanied by 6 allies 2625 | -7/Factory | Evolved 4 slots: Propulsion x1, Utility x2, Weapon x1 2844 | -7/Factory | Identified exit to Lower Caves 2973 | -7/Factory | Entered Lower Caves 3102 | -7/Lower Caves | Build established: Scavenger-Mutant 3184 | -7/Lower Caves | Discovered new exit (range 9) 3185 | -7/Lower Caves | Attracted the attention of an 0b10 outpost 3191 | -7/Lower Caves | Entered another Lower Caves area 3409 | -7/Lower Caves | Discovered new exit (range 10) 3417 | -7/Lower Caves | Entered Zion 3417 | -7/Zion | Self-destructed Last Messages --------------- 03279_ G-47 Trooper destroyed. 03279_ X7-42Q(k) destroyed. 03282_ G-47 Trooper destroyed. 03288_ B-48 Gladiator destroyed. 03289_ Imp. Heat Sink fries itself beyond repair. 03293_ Lgt. Treads fries itself beyond repair. 03297_ Lgt. Nuclear Core fries itself beyond repair. 03299_ Acquired 33 matter. 03302_ The unstable cave ceiling collapses. 03303_ Acquired 23 matter. 03304_ Acquired 20 matter. 03305_ Acquired 4 matter. 03368_ Searching scrap... 03368_ Found Hrd. Medium Armor Plating. 03368_ Found 24 Matter. 03369_ Acquired 10 matter. 03371_ Acquired Hrd. Medium Armor Plating. 03409_ EXIT=FOUND LOCATION=UNKNOWN GOAL=ESCAPE Map ----- +----------------------------------------------------+ | ?????????????????????????????????????????????????? | | ?????????????????????????????????????????????????? | | ?????????????????????????????????????????????????? | | ?????????????????????????????????????????????????? | | ?????????????????????????????????????????????????? | | ?????????????????????????????????????????????????? | | ???????????????????????? ???????????????????????? | | ???????????????????????? ???????????????????????? | | ???????????????????????? ???????????????????????? | | ???????????????????????? ###????????????????????? | | ???????????????????????? ????????????????????? | | ???????????????????????? ?????????????????????? | | ???????????????????????? ?????????????????????? | | ???????????????????????? ?????????????????????? | | ???????????????????????? ?????????????????????? | | ???????????????????????? ?????????????????????? | | ????????????????????????# ?????????????????????? | | ????????????????????????# #?????????????????????? | | ????????????????????????# #?????????????????????? | | ????????????????????????# ##????????????????????? | | ???????????????????????? ?????????????????????? | | ???????????????????????? ?????????????????????? | | ???????????????????????## ##????????????????????? | | ??????????????????????## #????????????????????? | | ??????????????????????# ##????????????????????? | | ???????????????????????# @ #????????????????????? | | ??????????????????????# #????????????????????? | | ??????????????????????# ##????????????????????? | | ??????????????????????## ##?????????????????????? | | ???????????????????????####??????????????????????? | | ?????????????????????????????????????????????????? | | ?????????????????????????????????????????????????? | | ?????????????????????????????????????????????????? | | ?????????????????????????????????????????????????? | | ?????????????????????????????????????????????????? | | ?????????????????????????????????????????????????? | | ?????????????????????????????????????????????????? | | ?????????????????????????????????????????????????? | | ?????????????????????????????????????????????????? | | ?????????????????????????????????????????????????? | | ?????????????????????????????????????????????????? | | ?????????????????????????????????????????????????? | | ?????????????????????????????????????????????????? | | ?????????????????????????????????????????????????? | | ?????????????????????????????????????????????????? | | ?????????????????????????????????????????????????? | | ?????????????????????????????????????????????????? | | ?????????????????????????????????????????????????? | | ?????????????????????????????????????????????????? | | ?????????????????????????????????????????????????? | +----------------------------------------------------+ Best States ------------- Heat Dissipation 62 Energy Generation 14 Energy Capacity 275 Matter Stores 300 Matter Capacity 300 Sight Range 20 Terrain Scan Range 16 Terrain Scan Density 10 Armor Coverage 225 Evasion (%) 50 Recoil Reduction 3 Item Schematics ----------------- None Robot Schematics ------------------ None Fabricated ------------ Nothing Alien Tech Used ----------------- None Achievements -------------- None Challenges ------------ None Game ------ Seed SpacefoldReactionGreatsword Manual? 0 Play Time 00:59:42 Cumulative 871.4 hours Start 2023.01.05 @ 16:26:19 End 2023.01.05 @ 17:37:32 Sessions 1 Manual Loads 0 Difficulty Rogue Special Mode None Game No. 456 Rogue 329 Adventurer 125 Explorer 2 Win Type - Total 102 Types 82/7/7/1/2/0/0/2/1 Lore% 84 Gallery% 90 Achievement% 81 Wizard Run 0 Options --------- ASCII 0 Keyboard 1 Movement Numpad Keybinds 0 Fullscreen 1 Font 36/TerminusFine Map View 83x50 Tactical HUD 1 Map Filters NONE Filters NONE Steam 1 RUN: 8cb0509a-c96e-44f4-b1c6-51f7ebf9ded0